 Dungeon Crawl Stone Soup version 0.28-a0-1613-gdaab1c2f9b (webtiles) character file.

Game seed: 10886456858880089109

63 Lekart the Skirmisher (level 3, -1/33 HPs)
             Began as a Draconian Chaos Knight on Jan 21, 2022.
             Was a Plaything of Xom.
             Killed from afar by Sigmund (10 damage)
             ... with a puff of flame
             ... on level 3 of the Dungeon.
             The game lasted 00:04:26 (2008 turns).

Lekart the Skirmisher (Draconian Chaos Knight)      Turns: 2008, Time: 00:04:27

Health: -1/33      AC:  5    Str: 14    XL:     3   Next: 89%
Magic:  3/3        EV: 12    Int: 12    God:    Xom [....*.]
Gold:   181        SH:  0    Dex: 12    Spells: 2/2 levels left

rFire   . . .      SeeInvis .   a - +0 hand axe (chaos)
rCold   . . .      Faith    .   (no shield)
rNeg    . . .      Spirit   .   (armour unavailable)
rPois   .          Reflect  .   (helmet restricted)
rElec   +          Harm     .   (no cloak)
rCorr   .          Rampage  .   (no gloves)
Will    .....                   (no boots)
Stlth   +.........              (no amulet)
HPRegen 0.11/turn               (no ring)
MPRegen 0.08/turn               (no ring)

@: brilliant
A: AC +5, unfitting armour, cold-blooded, electricity resistance
a: Renounce Religion


You were on level 3 of the Dungeon.
You worshipped Xom.
You were a beloved toy of Xom.
You visited 1 branch of the dungeon, and saw 3 of its levels.

You collected 181 gold pieces.

Inventory:

Hand Weapons
 a - a +0 hand axe of chaos (weapon)
Scrolls
 b - 2 scrolls of identify
Potions
 c - a potion of attraction


   Skills:
 + Level 4.0 Fighting
 + Level 4.0 Axes
 + Level 2.6 Dodging


You had 2 spell levels left.
You didn't know any spells.
Your spell library contained the following spells:

 Spells                   Type           Power      Damage    Failure   Level
 Call Canine Familiar     Summ           0%         N/A       69%         3
 Portal Projectile        Hex/Tloc       0%         N/A       69%         3
 Summon Guardian Golem    Hex/Summ       0%         N/A       69%         3
 Animate Dead             Necr           0%         N/A       97%         4
 Leda's Liquefaction      Hex/Erth       0%         N/A       97%         4
 Borgnjor's Vile Clutch   Necr/Erth      0%         N/A       100%        5
 Death Channel            Necr           0%         N/A       100%        6
 Orb of Destruction       Conj           0%         9d5       100%        7
 Spellforged Servitor     Conj/Summ      0%         N/A       100%        7


Dungeon Overview and Level Annotations

Branches:
Dungeon (3/15)

Altars:
Uskayaw

Portals:
Abyss: D:3

Annotations:
D:3 2 transporters, Sigmund; caleiya's ghost, amateur GrFi


Innate Abilities, Weirdness & Mutations

Your plain brown scales are hard. (AC +5)
You cannot fit into any form of body armour.
You are cold-blooded and may be slowed by cold attacks.
You are resistant to electric shocks. (rElec)


Message History

It was a potion of curing.
You feel better.
Something tries to affect you, but you resist.
Your butterfly disappears in a puff of smoke!
Unknown command.
There is a strange disturbance nearby!
There is a strange disturbance nearby!
There is a strange disturbance nearby!
Unknown command.
There is a strange disturbance nearby!
There is a strange disturbance nearby!
There is a strange disturbance nearby!
There is a strange disturbance nearby!
There is a strange disturbance nearby!
There is a strange disturbance nearby!
There is a strange disturbance nearby!
There is a strange disturbance nearby!
There is a strange disturbance nearby!
There is a strange disturbance nearby!
There is a strange disturbance nearby!
There is a strange disturbance nearby!
There is a strange disturbance nearby!
There is a strange disturbance nearby!
Your transformation is almost over.
Sigmund appears from thin air!
Reactivating autopickup.
Sigmund gestures at you while chanting. The magic dart hits you!
Sigmund gestures wildly while chanting.
Sigmund flickers and vanishes!
Deactivating autopickup; reactivate with Ctrl-A.
A magic dart appears from out of thin air!
The magic dart hits you.
* * * LOW HITPOINT WARNING * * *
A magic dart appears from out of thin air!
The magic dart hits you but does no damage.
You feel less wooden.
A puff of flame appears from out of thin air!
The puff of flame hits you!
You die... "Boring in life, boring in death..."

...##.###.#.######
#####.....#......#
#...#########.#
#.#.# #[# #...#
#.# ##..# #.# #..#
#.# #..# #######
#..# #.._@.# #..#
#≈...≈# #####..#
#≈.≈.≈# .......#
#≈.≈.≈# ######.#
#..≈..# #.#
≈.≈.≈.≈
#.#####≈.....≈#
#...b.{≈.≈.≈.≈#
######.b.≈.≈..


There were no monsters in sight!

Vanquished Creatures
  2 adders
  A worm (D:2)
  2 dart slugs
  5 ball pythons
  2 endoplasms (D:1)
  3 giant cockroaches (D:1)
  6 goblins
  4 hobgoblins (D:2)
  2 bats (D:1)
  A frilled lizard (D:2)
  7 kobolds
  6 rats
41 creatures vanquished.

Vanquished Creatures (others)
  2 fungi (D:3)
2 creatures vanquished.

Grand Total: 43 creatures vanquished

Notes
Turn   | Place    | Note
-------+----------+-------------------------------------------
     0 | D:1      | Lekart the Draconian Chaos Knight began the quest for the
                  | Orb.
     0 | D:1      | Reached XP level 1. HP: 19/19 MP: 1/1
    90 | D:1      | Reached XP level 2. HP: 21/26 MP: 2/2
   151 | D:1      | XOM: divination: detect items
   493 | D:1      | XOM: silly message
   805 | D:1      | XOM: god gift: book of Unlife
   932 | D:2      | Reached XP level 3. HP: 15/33 MP: 3/3
  1038 | D:2      | XOM: god gift: 58 gold pieces
  1296 | D:2      | XOM: cast spell 'Statue Form'
  1708 | D:3      | Found a faded altar of an unknown god.
  1775 | D:3      | Found a transporter.
  1775 | D:3      | Found a one-way gate to the infinite horrors of the Abyss.
  1775 | D:3      | Noticed caleiya's ghost (amateur GrFi)
  1783 | D:3      | Found a transporter.
  1817 | D:3      | Noticed a small abomination
  1852 | D:3      | XOM: give mutation
  1852 | D:3      | Gained mutation: You are resistant to electric shocks.
                  | (rElec) [Xom's grace]
  1956 | D:3      | XOM: cloud trail
  1963 | D:3      | Noticed Sigmund
  1970 | D:3      | Found a hide-covered altar of Uskayaw.
  1971 | D:3      | XOM: butterfly on damage
  2008 | D:3      | Killed from afar by Sigmund

Illustrated notes

Levels and vault maps discovered:
D:1:      dpeg_arrival_prison, layout_loops_ring, minmay_liquid_box,
          minmay_tromino_mix6
D:2:      layout_rooms, palyth_stone_intersect
D:3:      layout_loops_ring, nicolae_uskayaw_suspiria,
          nemelex_xobeh_ov_fountains_minmay, gammafunk_ghost_abyssal_escape,
          dreamdust_ecumenical_altar_grove, chequers_serial_rivers_small_a,
          uniq_sigmund, uniq_crazy_yiuf_cottage

Skill      XL: |  1  2  3 |
---------------+----------+-----
Fighting       | 4 |  4.0
Axes           | 4 |  4.0
Dodging        | |  2.6

Action                   || total
-------------------------++-------
Melee: Hand axe          ||    94
       Tailslap          ||     8
  Use: Scroll            ||     3
       Potion            ||     3
 Stab: Petrifying        ||     1
       Sleeping          ||     3
Armor: Skin              ||    25
Dodge: Dodged            ||    39

Table legend: (Time is in decaauts)
 A = Elapsed time spent in this place.
 B = Non-inter-level travel time spent in this place.
 C = Inter-level travel time spent in this place.
 D = Time resting spent in this place.
 E = Time spent auto-exploring this place.
 F = Levels seen in this place.
 G = Mean time per level.
                   A        B        C        D        E       F      G
               +--------+--------+--------+--------+--------+-----+--------+
         Total |   2047 |   2004 |     43 |    244 |   1387 |   3 |  682.3 |
       Dungeon |   2047 |   2004 |     43 |    244 |   1387 |   3 |  682.3 |
               +--------+--------+--------+--------+--------+-----+--------+

Top non-repeatable levels by time:
     D:1: 927 daAuts
     D:2: 801 daAuts
     D:3: 318 daAuts
